 Dungeon Crawl Stone Soup version 0.27.0-1-g7a089689b8 (webtiles) character file.

Game seed: 4150186623736475333

274934 Brandom the Imperceptible (level 19, -26/123 HPs)
             Began as a Spriggan Fire Elementalist on July 31, 2021.
             Was the Champion of Ashenzari.
             Annihilated by a rockslime (48 damage)
             ... on level 1 of the Depths on Aug 1, 2021.
             The game lasted 02:38:59 (47664 turns).

Brandom the Imperceptible (SpFE)                   Turns: 47664, Time: 02:39:00

Health: -26/123    AC: -3    Str:  8    XL:     19   Next: 54%
Magic:  22/29      EV: 42    Int: 23    God:    Ashenzari [******]
Gold:   4290       SH:  0    Dex: 17    Spells: 8/35 levels left

rFire    + . .     SeeInvis +   w - +9 quick blade "Share My Chagrin" {spect, Cun, Fort} (curse)
rCold    . . .     Faith    .   Q - +2 buckler of Supernal Knowledge {AC+3, Bglg, Self} (curse)
rNeg     . . .     Spirit   .   f - +2 robe "Gnostic Vision" {rF+, Cun, Self} (curse)
rPois    +         Reflect  +   l - +2 hat "Sibylline Gnosis" {Melee, Comp} (curse)
rElec    .         Harm     .   A - scarf "Dismay of Ashenzari" {shadows, Evo, Cun} (curse)
rCorr    .         Rampage  .   (gloves unavailable)
Will     +++..     Clarity  +   (boots unavailable) Stlth +++.......Rnd*Tele +
                                I - amulet of Ashenzari's Jealousy {Reflect SH+5, Fort, Self} (curse)
HPRegen  0.30/turn              J - ring "Pangnostic Boredom" {Int+6, Cun, Bglg} (curse)
MPRegen  0.21/turn              B - ring "Tethered Unpleasantness" {EV+4, Alch, Self} (curse)

@: confused, mighty, silenced, ambrosia-drunk, corroded, very slightly
contaminated, hasted, invisible, very quick
A: very small, no large weapons, unfitting armour, see invisible, speed 3,
deformed body, low mp 1, poison resistance, teleportitis 1, weak 1
}: 2/15 runes: decaying, gossamer
a: Renounce Religion, Shatter the Chains


You were on level 1 of the Depths.
You worshipped Ashenzari.
Ashenzari was exalted by your worship.
You visited 6 branches of the dungeon, and saw 32 of its levels.
You also visited: Ossuary and Gauntlet.

You collected 7057 gold pieces.
You spent 2767 gold pieces at shops.

Inventory:

Hand Weapons
 w - the cursed +9 quick blade "Share My Chagrin" (weapon) {spect, Cun, Fort}
   (You bought it in a shop on level 2 of the Dungeon)

   When its wielder attacks, the weapon's spirit leaps out and strikes again.
   The spirit shares a part of any damage it takes with its wielder.
   It has a curse which improves the following skills: Cunning: Dodging and
   Stealth.
   Fortitude: Armour and Shields.
Missiles
 K - 11 curare-tipped darts {!f}
Armour
 f - the cursed +2 robe "Gnostic Vision" (worn) {rF+, Cun, Self}
   (You found it on level 2 of the Dungeon)

   It has a curse which improves the following skills: Cunning: Dodging and
   Stealth.
   Introspection: Fighting and Spellcasting.
 l - the cursed +2 hat "Sibylline Gnosis" (worn) {Melee, Comp}
   (You found it on level 4 of the Dungeon)

   It has a curse which improves the following skills: Melee Combat: Short
   Blades, Long Blades, Axes, Maces & Flails, Polearms, Staves and Unarmed
   Combat.
   Companions: Summonings and Necromancy.
 A - the cursed scarf "Dismay of Ashenzari" (worn) {shadows, Evo, Cun}
   (You found it on level 6 of the Dungeon)

   It has a curse which improves the following skills: Evocations: Evocations.
   Cunning:   Dodging and Stealth.
 G - +0 swamp dragon scales
   (You took it off Maggie on level 8 of the Dungeon)
 Q - the cursed +2 buckler of Supernal Knowledge (worn) {AC+3, Bglg, Self}
   (You acquired it on level 6 of the Lair of Beasts)

   It has a curse which improves the following skills: Beguiling: Conjurations,
   Hexes and Translocations.
   Introspection: Fighting and Spellcasting.
Jewellery
 a - a ring of ice
   (You found it on level 5 of the Dungeon)
 g - a ring of protection from fire
   (You found it on level 2 of the Dungeon)
 m - a ring of positive energy
   (You found it on level 4 of the Dungeon)
 B - the cursed ring "Tethered Unpleasantness" (right hand) {EV+4, Alch, Self}
   (You found it on level 6 of the Dungeon)

   [ring of evasion]

   EV:        It affects your evasion (+4).
   It has a curse which improves the following skills: Alchemy: Poison Magic and
   Transmutations.
   Introspection: Fighting and Spellcasting.
 I - the cursed amulet of Ashenzari's Jealousy (around neck) {Reflect SH+5, Fort, Self}
   (You found it on level 10 of the Dungeon)

   [amulet of reflection]

   It reflects blocked missile attacks.
   SH:        It affects your SH (+5).
   It has a curse which improves the following skills: Fortitude: Armour and
   Shields.
   Introspection: Fighting and Spellcasting.
 J - the cursed ring "Pangnostic Boredom" (left hand) {Int+6, Cun, Bglg}
   (You found it on level 5 of the Dungeon)

   [ring of intelligence]

   Int:       It affects your intelligence (+6).
   It has a curse which improves the following skills: Cunning: Dodging and
   Stealth.
   Beguiling: Conjurations, Hexes and Translocations.
 M - a ring of protection from fire
   (You found it on level 5 of the Lair of Beasts)
 N - a ring of flight
   (You found it on level 2 of the Lair of Beasts)
 V - the ring of Sawoasm {EV+4 Int+4}
   (You took it off a centaur on level 11 of the Dungeon)

   [ring of evasion]

   EV:        It affects your evasion (+4).
   Int:       It affects your intelligence (+4).
 Z - the ring "Hajizai" {rPois Will+}
   (You found it in a Gauntlet)

   [ring of poison resistance]

   rPois:     It protects you from poison.
   Will:      It increases your willpower.
Wands
 d - a wand of iceblast (41)
   (You found it on level 6 of the Lair of Beasts)
 t - a wand of charming (3)
   (You found it on level 1 of the Depths)
 u - a wand of paralysis (18)
   (You found it on level 1 of the Lair of Beasts)
 v - a wand of digging (4)
   (You found it on level 2 of the Swamp)
 x - a wand of acid (5)
   (You found it on level 3 of the Swamp)
 T - a wand of mindburst (29)
   (You took it off a spriggan on level 6 of the Lair of Beasts)
 W - a wand of polymorph (11)
   (You found it on level 11 of the Dungeon)
Scrolls
 b - 2 scrolls of fear
 i - 3 scrolls of blinking
 q - 3 scrolls of holy word
 r - 12 scrolls of teleportation {@r4}
 s - 4 scrolls of amnesia
 y - 7 scrolls of noise {!r}
 D - 3 scrolls of immolation {!r}
 H - 2 scrolls of silence
 L - 8 scrolls of enchant armour
 O - 3 scrolls of fog
 S - 8 scrolls of magic mapping
 U - 5 scrolls of enchant weapon
 X - a scroll of summoning
 Y - a scroll of brand weapon
Potions
 c - 10 potions of might
 e - 3 potions of flight
 h - 6 potions of lignification {!q}
 n - 5 potions of haste {@q3}
 o - 5 potions of magic
 p - 13 potions of curing {@q1}
 z - 19 potions of ambrosia
 C - 6 potions of brilliance
 E - a potion of invisibility
 F - 2 potions of resistance
 P - a potion of berserk rage
 R - 9 potions of cancellation
Miscellaneous
 k - a condenser vane
   (You found it on level 15 of the Dungeon)


   Skills:
 * Level 16.7(22.9) Fighting
 - Level 7.4(10.5) Short Blades
 + Level 6.4(10.9) Armour
 + Level 20.9(26.6) Dodging
 - Level 21.6(27) Stealth
 - Level 4.6(9.0) Shields
 - Level 3.0(8.8) Spellcasting
 - Level 0.6(2.6) Conjurations
 + Level 13.5(17.6) Hexes
 - Level 3.6(6.3) Summonings
 - Level 2.0(4.2) Transmutations
 - Level 2.4 Fire Magic
 + Level 4.6 Ice Magic
 - Level 4.0 Air Magic
 + Level 6.0(9.1) Evocations


You had 8 spell levels left.
You knew the following spells:

 Your Spells              Type           Power      Damage    Failure   Level
a - Foxfire               Conj/Fire      84%        2x1d8     2%          1
b - Wereblood             Tmut           29%        N/A       1%          2
c - Beastly Appendage     Tmut           58%        N/A       1%          1
d - Summon Mana Viper     Hex/Summ       60%        N/A       1%          5
e - Passwall              Tmut/Erth      16%        N/A       4%          2
f - Silence               Hex/Air        28%        N/A       1%          5
g - Invisibility          Hex            37%        N/A       1%          6
h - Tukima's Dance        Hex            74%        N/A       0%          3
i - Ensorcelled Hibernat  Hex/Ice        100%       N/A       1%          2

Your spell library contained the following spells:

 Spells                   Type           Power      Damage    Failure   Level
 Corona                   Hex            82%        N/A       0%          1
 Inner Flame              Hex/Fire       54%        N/A       1%          3
 Sting                    Tmut/Pois      80%        1d7       2%          1
 Poisonous Vapours        Pois/Air       40%        N/A       3%          2
 Swiftness                Air            28%        N/A       3%          3
 Corpse Rot               Necr/Air       N/A        N/A       4%          2
 Animate Skeleton         Necr           24%        N/A       5%          1
 Pain                     Necr           48%        1d6       5%          1
 Conjure Flame            Conj/Fire      21%        6-21      7%          3
 Ignite Poison            Fire/Tmut/Pois 21%        N/A       7%          3
 Spider Form              Tmut/Pois      10%        N/A       8%          3
 Gell's Gravitas          Tloc           6%         N/A       14%         3
 Teleport Other           Tloc           13%        N/A       14%         3
 Vampiric Draining        Necr           6%         2d6       16%         3
 Animate Armour           Summ/Erth      48%        N/A       17%         4
 Sticky Flame             Conj/Fire      21%        2d4       22%         4
 Blade Hands              Tmut           14%        N/A       30%         5
 Summon Forest            Summ/Tloc      13%        N/A       38%         5
 Irradiate                Conj/Tmut      12%        3d17      41%         5
 Passage of Golubria      Tloc           N/A        N/A       43%         4
 Animate Dead             Necr           6%         N/A       47%         4
 Dispel Undead            Necr           12%        3d9       47%         4
 Olgreb's Toxic Radiance  Pois           12%        N/A       47%         4
 Fireball                 Conj/Fire      10%        3d6       54%         5
 Alistair's Intoxication  Tmut/Pois      13%        N/A       56%         5
 Shadow Creatures         Summ           N/A        N/A       58%         6
 Simulacrum               Ice/Necr       10%        N/A       98%         6
 Iron Shot                Conj/Erth      8%         9d3       99%         6
 Death Channel            Necr           6%         N/A       100%        6
 Dispersal                Tloc           6%         N/A       100%        6
 Haunt                    Necr/Summ      12%        N/A       100%        7
 Ozocubu's Refrigeration  Ice            15%        4d8       100%        7
 Borgnjor's Revivificati  Necr           6%         N/A       100%        8
 Disjunction              Tloc           6%         N/A       100%        8
 Ignition                 Fire           10%        3d5       100%        8
 Infestation              Necr           6%         N/A       100%        8
 Lehudib's Crystal Spear  Conj/Erth      8%         10d3      100%        8
 Necromutation            Tmut/Necr      10%        N/A       100%        8
 Death's Door             Necr           6%         N/A       100%        9


Dungeon Overview and Level Annotations

Branches:
Dungeon (15/15)            Temple (0/1) D:6            Lair (6/6) D:9
  Swamp (4/4) Lair:4       Spider (4/4) Lair:3        Slime (0/5) Lair:6
    Orc (2/2) D:12            Elf (0/3) Orc:2        Vaults (0/5) D:14
 Depths (1/5) D:15        Ossuary (visited)         Gauntlet (visited)

Altars:
Ashenzari
Dithmenos
Elyvilon
Makhleb
Ru
Xom
Zin
Beogh
Lugonu

Shops:
D:2 [(((   D:7 *   D:12 [   Orc:2 !(:[(   Depths:1 ?=?

Portals:
Abyss: Lair:6 Depths:1


Innate Abilities, Weirdness & Mutations

You are very small and have problems with some larger weapons.
You are too small for most types of armour.
You have supernaturally acute eyesight. (SInv)
You cover ground extremely quickly. (Speed+++)
Armour fits poorly on your strangely shaped body.
Your magical capacity is low. (-10% MP)
Your system is resistant to poisons. (rPois)
You are occasionally teleported next to monsters.
You are weak. (Str -2)


Message History

Your spectral weapon shares its damage with you!
The great orb of eyes turns its gaze towards you.
The acid blob barely misses your spectral +9 quick blade "Share My Chagrin" {spect, Cun, Fort}.
You hit the acid blob.
Your hands burn!
Your spectral +9 quick blade "Share My Chagrin" {spect, Cun, Fort} barely misses the acid blob.
The rockslime quivers.
The azure jelly quivers.
The rockslime completely misses you.
You hit the acid blob.
Your hands burn!
Your spectral +9 quick blade "Share My Chagrin" {spect, Cun, Fort} barely misses the acid blob.
The azure jelly quivers.
The rockslime hits your spectral +9 quick blade "Share My Chagrin" {spect, Cun, Fort}!!!
Your spectral weapon shares its damage with you!
Your spectral +9 quick blade "Share My Chagrin" {spect, Cun, Fort} holds its ground!
Your spectral +9 quick blade "Share My Chagrin" {spect, Cun, Fort} fades away.
* * * LOW HITPOINT WARNING * * *
You hit the acid blob but do no damage.
Your hands burn!
* * * LOW HITPOINT WARNING * * *
The rockslime quivers.
The acid blob spits acid at you. The splash of acid hits you!
* * * LOW HITPOINT WARNING * * *
You are splashed with acid!
* * * LOW HITPOINT WARNING * * *
Unknown command.
Unknown command.
You hit the acid blob.
Your hands burn!
* * * LOW HITPOINT WARNING * * *
The azure jelly quivers.
The rockslime closely misses you.
The endoplasm quivers.
Unknown command.
You feel yourself speed up. You block the acid blob's attack.
The rockslime completely misses you.
You feel very mighty all of a sudden. The acid blob spits acid at you.
The splash of acid hits you!
* * * LOW HITPOINT WARNING * * *
The acid corrodes you!
You are splashed with acid!
* * * LOW HITPOINT WARNING * * *
The rockslime barely misses you. The rockslime completely misses you.
You feel much better.
The acid blob quivers.
The acid blob completely misses you.
You are confused.
You feel invigorated.
The great orb of eyes turns its gaze towards you.
The rockslime hits you!
* * * LOW HITPOINT WARNING * * *
You hold your ground!
The rockslime hits you!!!
You die...

* ####...,..............# ,
,,,.....#?.............## *
###...#.###..........##
###...#......>.........
###...#####.....####.## *
*#####................#.##
*
,,.......#####........##.##
* ,
####...########........##
##...#@JJJJG#.......... *
##...#JJJ#J.##...####.. *
##....GJJ.G.#....#..#.. * *
##...#JJJJGJ#..#.#..#.# *,*
##..##########......#.# *,
##..#.######.#.#....#.# ,**
####.######.#.#....#.# , ,,
###.#.#....#.# * **** *
#.#.#...)..#


You could see 2 acid blobs, 4 azure jellies, 4 great orbs of eyes, 2 slime
creatures, 4 rockslimes, a jelly and 2 endoplasms.

Vanquished Creatures
  Nikola (Swamp:2)
  A bone dragon (Swamp:4)
  Arachne (Spider:1)
  Jorgrun (D:14)
  Rupert (Lair:4)
  2 liches (Depths:1)
  A tentacled monstrosity (Swamp:4)
  An acid blob (Depths:1)
  Kirke (Spider:2)
  Frances (Swamp:2)
  A thorn hunter (Swamp:3)
  A rockslime (Depths:1)
  Donald (Swamp:2)
  2 fire giants (Depths:1)
  A frost giant (Depths:1)
  4 ghost moths
  5 emperor scorpions
  Louise (Spider:3)
  4 stone giants (Depths:1)
  The ghost of astronautguy the Pandemonic, a journeyman GrMo of Makhleb (Orc:1)
  2 very ugly things (D:12)
  3 bunyips
  4 entropy weavers
  6 spark wasps
  Snorg (Orc:2)
  2 eleionomae
  2 ettins
  3 fire dragons
  Josephine (Lair:4)
  The ghost of Xeikkuus the Cleaver, a journeyman MiFi of Okawaru (D:12)
  A rakshasa (Depths:1)
  A great orb of eyes (Gauntlet)
  13 hydras
  Erolcha (D:13)
  3 vault guards (D:14)
  3 ghost crabs
  4 boulder beetles
  4 ogre magi (Orc:2)
  5 centaur warriors
  A catoblepas (Lair:3)
  4 death knights
  A death yak (shapeshifter) (Lair:6)
  3 death yaks
  A dancing weapon (Orc:1)
  A deep troll earth mage (D:11)
  11 alligators
  17 two-headed ogres
  3 thrashing horrors (Lair:6)
  A deep troll shaman (Depths:1)
  Urug (Lair:4)
  3 spriggan berserkers
  A shock serpent (shapeshifter) (D:12)
  Sonja (Lair:1)
  A death drake (Swamp:4)
  An iron troll (Depths:1)
  2 skeletal warriors
  3 deep trolls
  3 goliath frogs
  A death drake (shapeshifter) (D:12)
  4 spectral hydras (Swamp:4)
  A swamp dragon (Swamp:2)
  2 spriggan druids
  A lindwurm (Lair:5)
  2 phantasmal warriors
  11 bog bodies
  A wizard (D:15)
  3 spectral wolf spiders (Spider:4)
  4 wolf spider zombies (Spider:4)
  An orc knight (D:15)
  10 orb spiders
  A necromancer (D:15)
  48 wolf spiders
  The ghost of Hyawatha the Cudgeller, a novice GrCK of Xom (Lair:1)
  5 cyclopes
  2 oklob plants (Lair:6)
  30 ugly things
  A will-o-the-wisp (Swamp:3)
  6 moths of wrath
  3 manticores
  3 orc sorcerers
  19 elephants
  An ice statue (D:11)
  A smoke demon (Lair:6)
  13 cane toads
  8 black mambas
  3 gargoyles
  A cane toad (shapeshifter) (D:14)
  6 torpor snails
  2 unseen horrors
  Maggie (D:8)
  2 kobold demonologists (D:11)
  A minotaur zombie (Gauntlet)
  An efreet (D:14)
  10 komodo dragons
  4 rime drakes
  3 swamp worm zombies (Swamp:4)
  24 demonic crawlers
  3 freezing wraiths
  A tengu conjurer (Depths:1)
  37 jumping spiders
  An ancient zyme (Lair:6)
  A queen bee (Lair:2)
  4 hydra zombies (Swamp:4)
  10 polar bears
  8 meliai
  16 hornets
  A meliai (shapeshifter) (D:12)
  5 wolf spider simulacra (Spider:4)
  A bloated husk (Swamp:3)
  9 slime creatures
  6 trolls
  3 alligator zombies (Swamp:4)
  8 tyrant leeches
  22 blink frogs
  3 dream sheep (Lair:5)
  2 spectral swamp dragons (Swamp:4)
  A centaur simulacrum (D:15)
  3 ynoxinuls (Lair:6)
  7 wraiths
  13 spriggans
  6 wyverns
  98 redbacks
  Eustachio (D:5)
  A human (shapeshifter) (D:12)
  42 tarantellas
  4 fire bats (Gauntlet)
  54 yaks
  3 neqoxecs (D:12)
  2 steam dragons
  A chaos spawn (Lair:6)
  14 swamp worms
  8 basilisks
  6 vampire mosquitoes
  4 acid dragons
  2 wargs
  2 hell hounds (Gauntlet)
  15 water moccasins
  3 swamp drakes
  4 large abominations (Lair:6)
  3 nameless horrors
  14 orc warriors
  An ice beast (D:7)
  3 sky beasts
  5 black bears
  2 hornet zombies (D:7)
  A necrophage (D:5)
  31 ogres
  3 swamp dragon zombies (Swamp:4)
  7 wolves
  13 centaurs
  10 phantoms
  Blork the orc (D:6)
  13 bullfrogs
  11 scorpions
  30 killer bees
  2 electric eels
  2 howler monkeys
  8 small abominations (Lair:6)
  7 centaur zombies
  A bullfrog zombie (D:7)
  2 jellies
  A jelly (shapeshifter) (D:12)
  11 orc priests
  Crazy Yiuf (D:4)
  A bullfrog skeleton (D:4)
  2 hounds
  5 iguanas
  26 orc wizards
  A spectral swamp drake (Swamp:4)
  13 mummies (Ossuary)
  2 howler monkey zombies
  9 adders
  A swamp drake zombie (Swamp:4)
  2 howler monkey skeletons
  2 white imps
  2 ufetubi
  2 worms (D:2)
  2 dart slugs (D:3)
  61 orcs
  5 ball pythons
  13 bats
  A bat zombie (D:1)
  4 endoplasms
  3 giant cockroaches (D:4)
  5 goblins
  7 hobgoblins
  10 jackals
  8 kobolds
  2 quokkas
  A ball python zombie (D:1)
  3 frilled lizards
  2 gnoll skeletons (Ossuary)
  2 goblin skeletons (Ossuary)
  2 kobold skeletons (Ossuary)
  2 orc skeletons (Ossuary)
  7 rats
  11 rat skeletons (Ossuary)
  2 butterflies (D:6)
1231 creatures vanquished.

Vanquished Creatures (collateral kills)
  A minotaur (Gauntlet)
  A vault guard (D:14)
  A hydra (Lair:6)
  A death yak (Lair:5)
  A skeletal warrior (D:11)
  A bog body (Swamp:2)
  A will-o-the-wisp (Swamp:2)
  A centaur zombie (D:11)
  An elephant (Lair:6)
  A meliai (D:15)
  A blink frog (Lair:6)
  A yak (Lair:5)
  A golden eye (shapeshifter) (D:12)
  A hell hound (Gauntlet)
14 creatures vanquished.

Vanquished Creatures (others)
  A hell hog (Gauntlet)
  A spriggan (Swamp:2)
  5 bloated husks
  A hornet (Swamp:2)
  3 humans (Spider:2)
  A swamp worm (Gauntlet)
  452 foxfires
  28 fungi
  30 plants
522 creatures vanquished.

Grand Total: 1767 creatures vanquished

Notes
Turn   | Place    | Note
-------+----------+-------------------------------------------
     0 | D:1      | Brandom the Spriggan Fire Elementalist began the quest for
                  | the Orb.
     0 | D:1      | Reached XP level 1. HP: 9/9 MP: 5/5
   396 | D:1      | Found a faded altar of an unknown god.
   406 | D:1      | Reached XP level 2. HP: 8/14 MP: 6/6
   407 | D:1      | Became a worshipper of Ashenzari the Shackled
  1141 | D:1      | Learned a level 2 spell: Wereblood
  1764 | D:1      | Reached skill level 1 in Fighting
  1764 | D:1      | Reached XP level 3. HP: 3/18 MP: 3/8
  2286 | D:2      | Found Zumekaib's Antique Weapon Boutique.
  2384 | D:2      | Reached skill level 4 in Stealth
  2585 | D:2      | Reached skill level 1 in Short Blades
  2607 | D:2      | Found Icerat's Weapon Boutique.
  2630 | D:2      | Found Uweawy's Weapon Emporium.
  2960 | D:2      | Found Kicastrue's Antique Armour Emporium.
  3116 | D:2      | Reached skill level 1 in Transmutations
  3674 | D:3      | Reached XP level 4. HP: 22/22 MP: 9/9
  3703 | D:3      | Noticed a scorpion
  3735 | D:3      | Killed a scorpion
  3736 | D:3      | Reached XP level 5. HP: 20/25 MP: 4/10
  4637 | D:4      | Noticed a phantom
  4647 | D:4      | Killed a phantom
  4874 | D:4      | Reached skill level 5 in Stealth
  4874 | D:4      | Reached XP level 6. HP: 13/30 MP: 2/11
  5187 | D:4      | Found a runed translucent door.
  5188 | D:4      | Noticed Crazy Yiuf
  5200 | D:4      | Killed Crazy Yiuf
  6097 | D:4      | Found a sacrificial altar of Ru.
  6187 | D:4      | Reached skill level 5 in Dodging
  6187 | D:4      | Reached XP level 7. HP: 35/35 MP: 3/12
  6300 | D:4      | Reached skill level 6 in Stealth
  6644 | D:5      | Entered Level 5 of the Dungeon
  6657 | D:5      | Found a sand-covered staircase.
  6666 | Ossuary  | Entered an ossuary
  6916 | Ossuary  | Gained mutation: Your magical capacity is low. (-10% MP)
                  | [potion of mutation]
  6916 | Ossuary  | Gained mutation: You passively map a small area around you.
                  | [potion of mutation]
  7224 | Ossuary  | Reached skill level 5 in Short Blades
  8195 | D:5      | Reached skill level 7 in Stealth
  8195 | D:5      | Reached XP level 8. HP: 22/40 MP: 2/12
  8416 | D:5      | Lost mutation: Your magical capacity is low. (-10% MP)
                  | [potion of mutation]
  8416 | D:5      | Lost mutation: You passively map a small area around you.
                  | [potion of mutation]
  8416 | D:5      | Gained mutation: You occasionally shout uncontrollably at
                  | your foes. [potion of mutation]
  8416 | D:5      | Gained mutation: You are clumsy. (Dex -2) [potion of
                  | mutation]
  8627 | D:5      | Identified a scroll of acquirement
  8634 | D:5      | Acquired 627 gold pieces
  8766 | D:2      | Bought a +7 quick blade for 520 gold pieces
  9472 | D:6      | Noticed Eustachio
  9482 | D:5      | Reached skill level 8 in Stealth
  9504 | D:5      | Killed Eustachio
  9733 | D:5      | Reached XP level 9. HP: 36/46 MP: 14/14
 10044 | D:6      | Learned a level 1 spell: Beastly Appendage
 10057 | D:6      | Reached skill level 9 in Stealth
 10067 | D:6      | Reached * piety under Ashenzari
 10731 | D:6      | Found a staircase to the Ecumenical Temple.
 10738 | D:6      | Noticed Blork the orc
 10750 | D:6      | Killed Blork the orc
 10751 | D:6      | Reached skill level 5 in Fighting
 10894 | D:7      | Reached skill level 10 in Stealth
 11207 | D:7      | Noticed a two-headed ogre
 11211 | D:7      | Killed a two-headed ogre
 11212 | D:7      | Reached skill level 11 in Stealth
 11212 | D:7      | Reached XP level 10. HP: 55/55 MP: 16/16
 11221 | D:7      | Reached skill level 10 in Dodging
 11329 | D:7      | Found Rumurph's General Store.
 11448 | D:7      | Reached skill level 12 in Stealth
 12109 | D:7      | Found Rumurph's General Store.
 13048 | D:8      | Noticed Maggie
 13054 | D:8      | Killed Maggie
 13213 | D:9      | Reached skill level 13 in Stealth
 13344 | D:9      | Found a staircase to the Lair.
 13345 | D:9      | Noticed a death yak
 13624 | D:9      | Found a burning altar of Makhleb.
 13626 | D:9      | Found a glowing silver altar of Zin.
 13627 | D:9      | Found a shadowy altar of Dithmenos.
 13693 | D:9      | Reached ** piety under Ashenzari
 14170 | D:9      | Killed a death yak
 14171 | D:9      | Reached XP level 11. HP: 62/62 MP: 18/18
 14435 | D:10     | Entered Level 10 of the Dungeon
 14528 | D:10     | Reached *** piety under Ashenzari
 14971 | D:10     | Reached **** piety under Ashenzari
 14978 | D:10     | Learned a level 5 spell: Summon Mana Viper
 15050 | D:11     | Noticed a death knight
 15051 | D:11     | Noticed a skeletal warrior
 15085 | D:10     | Reached skill level 1 in Hexes
 15402 | D:10     | Killed a death knight
 15403 | D:10     | Reached skill level 14 in Stealth
 15403 | D:10     | Reached skill level 1 in Summonings
 15442 | D:11     | Killed a skeletal warrior
 15458 | D:10     | Identified the cursed +2 hat "Sibylline Gnosis" {Melee,
                  | Comp} (You found it on level 4 of the Dungeon)
 15509 | Lair:1   | Entered Level 1 of the Lair of Beasts
 15561 | Lair:1   | Found a transporter.
 15564 | Lair:1   | Noticed Hyawatha's ghost (novice GrCK)
 15584 | Lair:1   | Found a transporter.
 15811 | Lair:1   | Noticed Sonja
 15819 | Lair:1   | Killed Sonja
 16515 | Lair:1   | Killed Hyawatha's ghost
 16557 | Lair:2   | Noticed a death yak
 16562 | Lair:2   | Reached XP level 12. HP: 72/72 MP: 23/23
 16564 | Lair:2   | Killed a death yak
 16565 | Lair:2   | Reached skill level 15 in Stealth
 16622 | Lair:2   | Reached skill level 5 in Hexes
 16656 | Lair:2   | Reached ***** piety under Ashenzari
 17653 | Lair:3   | Found a hole to the Spider Nest.
 17751 | Lair:3   | Noticed a six-headed hydra
 17762 | Lair:3   | Killed a six-headed hydra
 17763 | Lair:3   | Reached skill level 16 in Stealth
 18175 | Lair:3   | Noticed a catoblepas
 18180 | Lair:3   | Noticed an eight-headed hydra
 18181 | Lair:3   | Killed a catoblepas
 18193 | Lair:3   | Killed an eight-headed hydra
 18523 | Lair:3   | Reached XP level 13. HP: 79/79 MP: 25/25
 18876 | Lair:4   | Reached skill level 17 in Stealth
 18943 | Lair:4   | Noticed Josephine
 18947 | Lair:4   | Reached skill level 10 in Fighting
 18959 | Lair:4   | Killed Josephine
 19000 | Lair:4   | Reached skill level 15 in Dodging
 19121 | Lair:4   | Noticed Urug
 19127 | Lair:4   | Killed Urug
 19266 | Lair:4   | Noticed Rupert
 19287 | Lair:4   | Killed Rupert
 19335 | Lair:4   | Found a staircase to the Swamp.
 19602 | Lair:5   | Reached skill level 18 in Stealth
 20003 | Lair:5   | Identified the Reference Book on Lethal Moulding
 20394 | Lair:6   | Entered Level 6 of the Lair of Beasts
 20900 | Lair:5   | Reached XP level 14. HP: 42/86 MP: 26/26
 21443 | Lair:5   | Reached skill level 19 in Stealth
 22289 | Lair:6   | Acquired 679 gold pieces
 22290 | Lair:6   | Acquired 1176 gold pieces
 22291 | Lair:6   | Acquired a +2 buckler of protection
 22525 | Lair:6   | Reached skill level 1 in Evocations
 22718 | Lair:6   | Found a staircase to the Slime Pits.
 22826 | Lair:6   | Learned a level 5 spell: Silence
 22941 | Lair:6   | Reached skill level 1 in Shields
 23286 | Lair:6   | Reached skill level 1 in Air Magic
 23614 | Lair:6   | Found a one-way gate to the infinite horrors of the Abyss.
 23763 | Lair:6   | Found a corrupted altar of Lugonu.
 24309 | D:11     | Identified the +7 chain mail "Icwoas" {rElec rPois Dex-2
                  | Slay+6}
 24565 | D:11     | Identified the ring of Sawoasm {EV+4 Int+4}
 25403 | D:12     | Found a runed translucent gate.
 25404 | D:12     | Found a runed translucent gate.
 25572 | D:12     | Found a gate leading to a gauntlet.
 25580 | Gauntlet | Entered a Gauntlet
 25580 | Gauntlet | Found a transporter.
 25583 | Gauntlet | Found a transporter.
 25595 | Gauntlet | Found a transporter.
 25615 | Gauntlet | Found a transporter.
 25629 | Gauntlet | Found a transporter.
 25643 | Gauntlet | Found a transporter.
 25650 | Gauntlet | Found a runed translucent door.
 25654 | Gauntlet | Found a transporter.
 25660 | Gauntlet | Found a transporter.
 25660 | Gauntlet | Found a transporter.
 25668 | Gauntlet | Identified the ring "Hajizai" {rPois Will+}
 25693 | Gauntlet | Identified the +5 hand crossbow of Cobwebs {penet, rCorr}
 25698 | Gauntlet | Found a transporter.
 25699 | Gauntlet | Identified the +7 morningstar of Fudwin {flame, Dex+4}
 25713 | Gauntlet | Found a transporter.
 25728 | Gauntlet | Found a transporter.
 25729 | Gauntlet | Found a transporter.
 25760 | Gauntlet | Reached XP level 15. HP: 86/95 MP: 28/28
 25803 | Gauntlet | Found a transporter.
 25816 | Gauntlet | Reached skill level 20 in Stealth
 26729 | D:12     | Found a staircase to the Orcish Mines.
 26851 | D:12     | Found a white marble altar of Elyvilon.
 26901 | D:12     | Found Eqyof's Armour Shoppe.
 27031 | D:12     | Found a runed translucent gate.
 27074 | D:12     | Reached skill level 5 in Evocations
 27105 | D:12     | Found a runed translucent gate.
 27105 | D:12     | Found a runed translucent gate.
 27109 | D:12     | Found a runed translucent gate.
 27110 | D:12     | Noticed Xeikkuus's ghost (journeyman MiFi)
 27134 | D:12     | Killed Xeikkuus's ghost
 27135 | D:12     | Gained mutation: Armour fits poorly on your strangely
                  | shaped body. [a neqoxec]
 27171 | D:12     | Gained mutation: You tend to lose your temper in combat.
                  | [mutagenic glow]
 27191 | D:12     | Gained mutation: You sometimes lose the ability to read
                  | scrolls when taking damage. [mutagenic glow]
 27211 | D:12     | Gained mutation: Your spells are a little easier to cast,
                  | but a little less powerful. [mutagenic glow]
 27310 | D:12     | Lost mutation: You sometimes lose the ability to read
                  | scrolls when taking damage. [potion of mutation]
 27310 | D:12     | Lost mutation: Your spells are a little easier to cast, but
                  | a little less powerful. [potion of mutation]
 27310 | D:12     | Lost mutation: Armour fits poorly on your strangely shaped
                  | body. [potion of mutation]
 27310 | D:12     | Gained mutation: Your flesh is heat resistant. (rF+)
                  | [potion of mutation]
 27310 | D:12     | Lost mutation: You are clumsy. (Dex -2) [potion of
                  | mutation]
 27311 | D:12     | Lost mutation: Your flesh is heat resistant. (rF+) [potion
                  | of mutation]
 27311 | D:12     | Lost mutation: You occasionally shout uncontrollably at
                  | your foes. [potion of mutation]
 27311 | D:12     | Lost mutation: You tend to lose your temper in combat.
                  | [potion of mutation]
 27311 | D:12     | Gained mutation: You sometimes lose the ability to read
                  | scrolls when taking damage. [potion of mutation]
 27311 | D:12     | Gained mutation: You have a pair of small horns on your
                  | head. [potion of mutation]
 27312 | D:12     | Lost mutation: You sometimes lose the ability to read
                  | scrolls when taking damage. [potion of mutation]
 27312 | D:12     | Lost mutation: You have a pair of small horns on your head.
                  | [potion of mutation]
 27312 | D:12     | Gained mutation: You are partially covered in iridescent
                  | scales. (AC +2) [potion of mutation]
 27312 | D:12     | Gained mutation: You are occasionally teleported next to
                  | monsters. [potion of mutation]
 27312 | D:12     | Gained mutation: Your spells are a little easier to cast,
                  | but a little less powerful. [potion of mutation]
 27313 | D:12     | Lost mutation: You are partially covered in iridescent
                  | scales. (AC +2) [potion of mutation]
 27313 | D:12     | Lost mutation: Your spells are a little easier to cast, but
                  | a little less powerful. [potion of mutation]
 27313 | D:12     | Gained mutation: Your flesh is heat resistant. (rF+)
                  | [potion of mutation]
 27313 | D:12     | Gained mutation: Your spells are a little easier to cast,
                  | but a little less powerful. [potion of mutation]
 27313 | D:12     | Gained mutation: You are partially covered in iridescent
                  | scales. (AC +2) [potion of mutation]
 27314 | D:12     | Lost mutation: You are partially covered in iridescent
                  | scales. (AC +2) [potion of mutation]
 27314 | D:12     | Lost mutation: Your spells are a little easier to cast, but
                  | a little less powerful. [potion of mutation]
 27314 | D:12     | Lost mutation: Your flesh is heat resistant. (rF+) [potion
                  | of mutation]
 27314 | D:12     | Gained mutation: Your system is resistant to poisons.
                  | (rPois) [potion of mutation]
 27314 | D:12     | Gained mutation: Your magical capacity is low. (-10% MP)
                  | [potion of mutation]
 27314 | D:12     | Gained mutation: You are weak. (Str -2) [potion of
                  | mutation]
 27480 | Orc:1    | Entered Level 1 of the Orcish Mines
 27820 | Orc:1    | Found a runed translucent door.
 27821 | Orc:1    | Found a shimmering altar of Xom.
 27821 | Orc:1    | Noticed astronautguy's ghost (journeyman GrMo)
 27867 | Orc:1    | Killed astronautguy's ghost
 28128 | Orc:2    | Entered Level 2 of the Orcish Mines
 28408 | Orc:2    | Found Amacs's Distillery.
 28479 | Orc:2    | Found a staircase to the Elven Halls.
 28524 | Orc:2    | Bought a potion of heal wounds for 60 gold pieces
 28524 | Orc:2    | Bought a potion of heal wounds for 60 gold pieces
 28524 | Orc:2    | Bought a potion of haste for 120 gold pieces
 28524 | Orc:2    | Bought 2 potions of cancellation for 192 gold pieces
 28524 | Orc:2    | Bought a potion of heal wounds for 60 gold pieces
 28524 | Orc:2    | Bought a potion of curing for 36 gold pieces
 28524 | Orc:2    | Bought a potion of curing for 36 gold pieces
 28649 | Orc:2    | Noticed Snorg
 28717 | Orc:2    | Killed Snorg
 29229 | Orc:2    | Found Gig Joso's Weapon Emporium.
 29229 | Orc:2    | Found Vemaam's Book Boutique.
 29235 | Orc:2    | Found Coixigu's Armour Boutique.
 29235 | Orc:2    | Found Cif Uhi's Weapon Shoppe.
 29311 | Orc:2    | Bought a book of Burglary for 476 gold pieces
 29314 | Orc:2    | Learned a level 2 spell: Passwall
 29321 | Orc:2    | Learned a level 6 spell: Invisibility
 29881 | D:13     | Noticed Erolcha
 29887 | D:13     | Killed Erolcha
 30140 | D:13     | Reached XP level 16. HP: 43/101 MP: 26/26
 30729 | D:14     | Noticed Jorgrun
 30735 | D:14     | Killed Jorgrun
 31212 | D:14     | Found a gate to the Vaults.
 31264 | D:14     | Reached skill level 21 in Stealth
 31942 | D:15     | Entered Level 15 of the Dungeon
 32121 | D:15     | Identified the +0 short sword of Ashenzari's Favour {holy,
                  | rF+ Dex+2}
 32177 | D:15     | Found a staircase to the Depths.
 32673 | D:15     | Acquired a book of Maledictions
 32744 | D:15     | Learned a level 3 spell: Tukima's Dance
 33160 | Swamp:1  | Entered Level 1 of the Swamp
 33642 | Swamp:1  | Reached ****** piety under Ashenzari
 33876 | Swamp:2  | Noticed Frances
 33883 | Swamp:2  | Killed Frances
 33932 | Swamp:2  | HP: 1/105 [spriggan berserker (47)]
 34799 | Swamp:2  | Reached skill level 10 in Hexes
 34799 | Swamp:2  | Reached XP level 17. HP: 88/109 MP: 27/27
 34889 | Swamp:2  | Noticed Donald
 34919 | Swamp:2  | Killed Donald
 35359 | Swamp:2  | Reached skill level 1 in Armour
 35464 | Swamp:2  | Noticed Nikola
 35817 | Swamp:2  | Killed Nikola
 36005 | Swamp:2  | Identified the +4 leather armour of Sinuemna {rPois}
 36283 | Swamp:3  | Identified the +9 rapier "Imunoman" {flame, rCorr Str+4}
 36939 | Swamp:4  | Entered Level 4 of the Swamp
 37477 | Swamp:4  | Noticed a tentacled monstrosity
 37498 | Swamp:4  | Killed a tentacled monstrosity
 37825 | Swamp:4  | Noticed a bone dragon
 37837 | Swamp:4  | Identified the Guide on Shifting Envenoming
 38369 | Swamp:4  | Killed a bone dragon
 38370 | Swamp:4  | Reached skill level 15 in Fighting
 38588 | Swamp:4  | Got a decaying rune of Zot
 39751 | Spider:1 | Entered Level 1 of the Spider Nest
 40490 | Spider:2 | Reached XP level 18. HP: 78/116 MP: 28/28
 40832 | Spider:2 | Noticed Arachne
 41154 | Spider:1 | Killed Arachne
 41849 | Spider:2 | Noticed Kirke
 41871 | Spider:2 | Killed Kirke
 41988 | Spider:2 | Learned a level 2 spell: Ensorcelled Hibernation
 42722 | Spider:3 | Reached skill level 1 in Ice Magic
 43056 | Spider:3 | Reached skill level 5 in Armour
 43831 | Spider:3 | Noticed Louise
 44038 | Spider:3 | Killed Louise
 44154 | Spider:4 | Entered Level 4 of the Spider Nest
 44862 | Spider:3 | Gained mutation: Armour fits poorly on your strangely
                  | shaped body. [mutagenic glow]
 45019 | Spider:4 | Reached XP level 19. HP: 110/123 MP: 25/29
 45566 | Spider:4 | Identified the +1 helmet of Bemetiuc {Fly rElec Int-4
                  | Dex+9}
 45610 | Spider:4 | Got a gossamer rune of Zot
 46047 | Depths:1 | Entered Level 1 of the Depths
 46083 | Depths:1 | Acquired 354 gold pieces
 46781 | Depths:1 | Found Moalyxil's Magic Scroll Shop.
 46783 | Depths:1 | Found Riryshrycw's Jewellery Boutique.
 46785 | Depths:1 | Found Siewko Pyupe's Magic Scroll Shop.
 46794 | Depths:1 | Bought a scroll of blinking for 142 gold pieces
 46794 | Depths:1 | Bought a scroll of teleportation for 57 gold pieces
 46794 | Depths:1 | Bought a scroll of teleportation for 57 gold pieces
 46794 | Depths:1 | Bought a scroll of teleportation for 57 gold pieces
 46798 | Depths:1 | Bought a scroll of acquirement for 624 gold pieces
 46798 | Depths:1 | Bought 3 scrolls of enchant armour for 270 gold pieces
 46798 | Depths:1 | Acquired 772 gold pieces
 47664 | Depths:1 | Annihilated by a rockslime

Illustrated notes

Levels and vault maps discovered:
D:1:      saegor_arrival_fortress, layout_loops_corners,
          chequers_ecumenical_altar_twisty
D:2:      layout_loops_ring, serial_shops,
          nicolae_shop_competitors_out_of_business, nicolae_diamond_shop,
          nicolae_square_shop, nicolae_shop_trees, minivault_24,
          minmay_close_crescents
D:3:      layout_basic
D:4:      layout_cave_pods, kennysheep_mini_moat, minmay_cupped,
          uniq_crazy_yiuf_cottage
D:5:      layout_rooms, nicolae_ossuary_entry_ruins,
          hangedman_abyss_or_decor_passed, minmay_misc_feat_diagonals
D:6:      old_forge, layout_basic, minmay_temple_entry_butterflies,
          chequers_serial_rivers_micro_a, serial_bayou_pond_b, uniq_eustachio,
          uniq_blork_the_orc
D:7:      hangedman_cross_stitches, layout_rooms, nicolae_lava_and_water,
          nicolae_take_the_stairs, chequers_avenue, minmay_diced_spiral
D:8:      layout_loops_ring, kennysheep_generic_room_12, uniq_maggie
D:9:      layout_loops_ring, gammafunk_temple_overflow_forgotten,
          david_lair_generic, lemuel_flame_loot_1
D:10:     layout_roguey
D:11:     layout_small_grid, nzn_random_ring
D:12:     layout_loops_ring, erik_orc_1, gauntlet_entry_generic, serial_shops,
          shop, ploomutoo_gammafunk_ghost_potion_laboratory, elyvilon_altar_5
D:13:     layout_basic, uniq_erolcha
D:14:     layout_long_grid, lightli_vaults_fourway_checkpoint,
          hangedman_abyss_or_decor_stagger, minivault_23, uniq_jorgrun
D:15:     hangedman_depths_entry_civil_slaughter, layout_basic,
          minmay_misc_feat_room
Lair:1:   layout_chaotic_city, gammafunk_ghost_arena,
          hangedman_lair_unloving_vines, columned_hall_lemuel,
          grunt_megastairs_2, lemuel_fruit_tree, uniq_sonja
Lair:2:   layout_roguey [special_room_bee], special_room, grunt_megastairs_5
Lair:3:   layout_layer_cave, spider_nest_entry_a, forest_entry_grove
Lair:4:   layout_roguey, nicolae_swamp_entry_splash_gauntlet, uniq_josephine,
          uniq_urug, uniq_rupert
Lair:5:   layout_big_grid, patterned_corridor, infiniplex_staircase_pool_2
Lair:6:   hellmonk_lair_end_abyssal_woods, layout_gridlike,
          minmay_slime_entry_oklob_open,
          portal_ice_cave_entry_animals_and_master, grunt_megastairs_3
Swamp:1:  layout_basic_swamp, evilmike_swamp_ruin_house_1,
          infiniplex_staircase_pool
Swamp:2:  layout_basic_swamp, evilmike_swamp_ruin_house_5, swamp_pool4,
          uniq_nikola, uniq_frances, uniq_donald
Swamp:3:  layout_falls_marsh, evilmike_swamp_ruin_rubble_2
Swamp:4:  swamp_pestilence, layout_basic_swamp
Spider:1: layout_spider_delve
Spider:2: layout_chambers, special_room, nicolae_arachne_temple,
          hangedman_spider_tarantella_strand, uniq_kirke
Spider:3: layout_spider_delve, worms_lemuel, uniq_louise
Spider:4: grunt_spider_rune_parallel, nicolae_spider_undead_wolf_pack
Orc:1:    layout_caves, basic_altar, ebering_ghost_xom
Orc:2:    st_orc_ogre_mass, layout_caves, serial_shops, shop, mines1_david,
          uniq_snorg
Depths:1: layout_basic, special_room [special_room_jelly],
          pf_hell_entry_tar_spiral, abyss_entry, minmay_strange_pillars,
          kilobyte_rumbling_trees, grunt_megastairs_4, minmay_shop_star,
          serial_bayou_shore_b

Skill      XL: |  1  2  3  4  5  6  7  8  9 10 11 12 13 14 15 16 17 18 19 |
---------------+----------------------------------------------------------+-----
Dodging        | 3 4 5 6 7 9 11 13 14 16 17 18 19 20 | 20.9
Fighting       | 1 2 3 4 6 7 8 9 11 12 13 14 15 16 | 16.7
Stealth        | 4 5 7 8 11 13 14 16 18 19 20 21 | 21.6
Short Blades   | 1 2 3 4 5 7 |  7.4
Transmutations | 1 2 |  2.0
Spellcasting   | 3 |  3.0
Hexes          | 4 5 7 10 11 13 | 13.5
Summonings     | 3 |  3.6
Evocations     | 4 5 6 |  6.0
Shields        | 2 4 |  4.6
Air Magic      | 2 4 |  4.0
Armour         | 4 5 6 |  6.4
Ice Magic      | 3 4 |  4.6
Conjurations   | |  0.6
Fire Magic     | |  2.4

Action                   |  1- 3 |  4- 6 |  7- 9 | 10-12 | 13-15 | 16-18 | 19-21 || total
-------------------------+-------+-------+-------+-------+-------+-------+-------++-------
Melee: Unarmed           |    28 |       |       |       |       |       |       ||    28
       Short sword       |   109 |    59 |   124 |       |       |       |       ||   292
       Quick blade       |       |       |   265 |   727 |  1523 |  1916 |   350 ||  4781
       Punch             |       |       |       |     2 |       |       |       ||     2
       Kick              |       |       |       |     4 |    30 |       |       ||    34
       Headbutt          |       |       |       |     2 |    24 |       |       ||    26
 Cast: Foxfire           |    52 |    89 |   119 |     3 |       |       |       ||   263
       Beastly Appendage |       |       |       |     2 |     4 |       |       ||     6
       Wereblood         |       |       |       |     1 |    12 |     5 |       ||    18
       Summon Mana Viper |       |       |       |     1 |    23 |    16 |     1 ||    41
       Invisibility      |       |       |       |       |       |    21 |     7 ||    28
       Passwall          |       |       |       |       |       |       |     3 ||     3
       Silence           |       |       |       |       |       |       |     2 ||     2
Invok: Curse Item        |     1 |       |     2 |     4 |     1 |     1 |       ||     9
       Shatter the Chain |     1 |       |       |       |       |       |       ||     1
Evoke: Wand              |       |       |       |     1 |       |       |     2 ||     3
  Use: Potion            |       |     1 |     3 |       |     8 |     3 |     8 ||    23
       Scroll            |       |       |     2 |     3 |     3 |     9 |     4 ||    21
 Stab: Sleeping          |     8 |     3 |    25 |    29 |    47 |   101 |    21 ||   234
       Distracted        |       |       |     2 |    11 |    56 |    58 |    10 ||   137
       Invisible         |       |       |     1 |       |     8 |   117 |    29 ||   155
       Confused          |       |       |       |       |     2 |       |       ||     2
Armor: Robe              |    25 |    16 |    45 |    18 |    39 |    56 |     7 ||   206
Dodge: Dodged            |   152 |    81 |   224 |   286 |   619 |   908 |    91 ||  2361
Block: Other             |       |       |       |    28 |    47 |       |       ||    75
       Buckler           |       |       |       |       |   252 |   708 |    54 ||  1014
       Reflection        |       |       |       |       |     1 |    10 |       ||    11
